 Dungeon Crawl Stone Soup version 0.29.0-4-gdea44cf6ec (webtiles) character file.

Game seed: 3469225362479313441

127 qw the Chopper (level 5, 0/41 HPs)
             Began as a Formicid Cinder Acolyte on Sept 3, 2022.
             Was a High Priest of Ignis.
             Slain by Ijyb
             ... wielding a +6 dagger of venom
              (2 damage)
             ... on level 2 of the Dungeon.
             The game lasted 00:01:13 (2467 turns).

qw the Chopper (Formicid Cinder Acolyte)            Turns: 2467, Time: 00:01:13

Health: 0/41       AC:  7    Str: 21    XL:     5   Next: 33%
Magic:  6/6        EV: 18    Int: 13    God:    Ignis [*****.]
Gold:   55         SH:  0    Dex: 14    Spells: 6/6 levels left

rFire   + . .      SeeInvis .   (weapon currently unavailable)
rCold   . . .      Faith    .   (shield currently unavailable)
rNeg    . . .      Spirit   .   (body armour currently unavailable)
rPois   .          Reflect  .   (helmet unavailable)
rElec   .          Harm     .   (cloak currently unavailable)
rCorr   .          Rampage  .   (gloves currently unavailable)
Will    .....                   (boots currently unavailable)
Stlth   +.........              (no amulet)
HPRegen 0.13/turn               (ring currently unavailable)
MPRegen 0.10/turn               (ring currently unavailable)

@: lethally poisoned (0 -> -9), bat-form, fiery-armoured, flying, very quick
A: fast, flying, no casting, permanent stasis, dig shafts and tunnels, tiny,
(antennae 3), four strong arms
a: Renounce Religion, Fiery Armour, Foxfire Swarm, Rising Flame


You were on level 2 of the Dungeon.
You worshipped Ignis.
Ignis was extremely pleased with you.
You were a bat.
You visited 1 branch of the dungeon, and saw 2 of its levels.

You collected 55 gold pieces.


Innate Abilities, Weirdness & Mutations

You are a bat.
You are tiny and dextrous.
You move quickly.
You are flying.
Your equipment is almost entirely melded.
You are incapable of wielding weapons or throwing items.
You cannot cast spells.
You cannot be hasted, slowed, berserked, paralysed or teleported.
You can dig through walls and to a lower floor.
((You have a pair of large antennae on your head. (SInv)))
Your four strong arms can wield two-handed weapons with a shield.


   Skills:
 - Level 3.2 Fighting
 + Level 5.4 Axes
 - Level 1.0 Dodging
 - Level 1.1 Spellcasting
 - Level 3.0 Fire Magic


You had 6 spell levels left.
You didn't know any spells.
Your spell library contained the following spells:

 Spells                   Type           Power      Damage    Failure   Level
 Scorch                   Fire           16%        2d6       12%         2

Inventory:

Hand Weapons
 d - a +0 whip
 Y - a +1 hand axe (melded)
Armour
 a - a +0 pair of boots
 b - a +0 robe (melded)
 c - a +0 ring mail
 k - a +0 pair of gloves (melded)
Jewellery
 h - a +4 ring of evasion (melded)
Scrolls
 g - a scroll of identify
 l - a scroll of vulnerability {unknown}
Potions
 e - a potion of magic {unknown}
 f - a potion of mutation {unknown}
 i - 2 potions of degeneration {unknown}
 j - a potion of might

Dungeon Overview and Level Annotations

Branches:
Dungeon (2/15)

Altars:

Annotations:
D:2 Ijyb


Message History

You touch Ijyb but do no damage.
Ijyb is severely wounded.
Ijyb misses you.
You closely miss Ijyb.
Ijyb is severely wounded.
Ijyb completely misses you.
You touch Ijyb but do no damage.
Ijyb is severely wounded.
You condense into your normal self.
Your +1 hand axe unmelds from your body.
Your +0 pair of gloves unmelds from your body.
Your +0 robe unmelds from your body.
Your +4 ring of evasion unmelds from your body.
You feel sick.
Ijyb zaps a wand.
You resist with some effort.
You barely miss Ijyb. You punch Ijyb.
Ijyb is almost dead.
You feel sick.
Ijyb zaps a wand.
You resist with some effort.
You closely miss Ijyb.
Ijyb is almost dead.
You feel sick.
Ijyb zaps a wand.
You turn into a bat.
Your +1 hand axe melds into your body.
Your +0 pair of gloves melds into your body.
Your +0 robe melds into your body.
Your +4 ring of evasion melds into your body.
You barely miss Ijyb.
Ijyb is almost dead.
You feel sick.
Ijyb screams, "Level is mine!
All mine!"
Ijyb hits you with a +6 dagger of venom.
You are lethally poisoned!
Ijyb is burned by your cloak of flames.
Ijyb is almost dead.
You hit Ijyb.
Ijyb is almost dead.
You feel very sick.
You closely miss Ijyb.
Ijyb is almost dead.
You feel sick.
Ijyb hits you with a +6 dagger of venom.
You die...

#..............#
####......#
##########...#?#
####...# #...#.######
#>#.# #..........#
###.# #######
#...#......# #.#
......# #...#......#
.# ......#
#...#......#
......######.###)#####
.............# #b#
......######## #g#
......#


gg# ......# { ..g# ####### ....# { .....# g......# { .......# You could see Ijyb
and 3 goblins.

Vanquished Creatures
  A necrophage (D:2)
  A gnoll (D:1)
  An adder (D:2)
  2 dart slugs (D:1)
  4 ball pythons
  2 bats (D:1)
  5 endoplasms
  A giant cockroach (D:2)
  5 goblins
  5 hobgoblins
  4 kobolds
  A quokka (D:2)
  3 frilled lizards
  2 rats
37 creatures vanquished.

Notes
Turn   | Place    | Note
-------+----------+-------------------------------------------
     0 | D:1      | qw the Formicid Cinder Acolyte began the quest for the Orb.
     0 | D:1      | Reached XP level 1. HP: 18/18 MP: 2/2
     0 | D:1      | 0 ||| qw: Version: 0.1-a-102-g441f92d
     0 | D:1      | 0 ||| qw: Game counter: 5162
     0 | D:1      | 0 ||| qw: Always use a shield: true
     0 | D:1      | 0 ||| qw: God list: Okawaru
     0 | D:1      | 0 ||| qw: Allow faded altars: false
     0 | D:1      | 0 ||| qw: Do Orc after D:15 true
     0 | D:1      | 0 ||| qw: Do second Lair branch before Depths: true
     0 | D:1      | 0 ||| qw: Lair rune preference: random
     0 | D:1      | 0 ||| qw: Plans: Normal
     0 | D:1      | 0 ||| PLANNING D:1-11
   219 | D:1      | Reached XP level 2. HP: 21/24 MP: 3/3
   307 | D:1      | 307 ||| Stepping ~*~*~tactically~*~*~ (stealth).
   309 | D:1      | 309 ||| Stepping ~*~*~tactically~*~*~ (stealth).
   311 | D:1      | 311 ||| Stepping ~*~*~tactically~*~*~ (stealth).
   314 | D:1      | 314 ||| Stepping ~*~*~tactically~*~*~ (stealth).
   458 | D:1      | Reached skill level 4 in Axes
   458 | D:1      | Reached XP level 3. HP: 21/29 MP: 4/4
   909 | D:1      | Reached skill level 1 in Dodging
  1283 | D:1      | 1283 ||| Stepping ~*~*~tactically~*~*~ (hiding).
  1385 | D:1      | 1385 ||| Stepping ~*~*~tactically~*~*~ (hiding).
  1487 | D:1      | 1487 ||| Stepping ~*~*~tactically~*~*~ (hiding).
  1555 | D:1      | 1555 ||| UPGRADING to +0 pair of gloves.
  1560 | D:1      | 1560 ||| UPGRADING to +4 ring of evasion.
  1561 | D:1      | 1561 ||| READING scroll labelled CISSETAEDOA.
  1562 | D:1      | 1562 ||| READING scroll labelled ZIMIMI DIAL.
  1563 | D:1      | 1563 ||| READING scroll labelled RIBEAD DAKOHE.
  1564 | D:1      | 1564 ||| READING scroll labelled DOMILUTIZA.
  1565 | D:1      | 1565 ||| READING scroll labelled XAAKKI SATEMI.
  1641 | D:1      | 1641 ||| SWAPPING to +0 hand axe.
  1642 | D:1      | 1642 ||| DROPPING +0 club.
  1643 | D:1      | 1643 ||| DROPPING -1 vorpal hand axe.
  1644 | D:1      | 1644 ||| READING scroll labelled ESYECA ROUCOF.
  1645 | D:1      | 1645 ||| DRINKING 2 fizzy orange potions.
  2032 | D:2      | Noticed a necrophage
  2046 | D:2      | 2046 ||| INVOKING Fiery Armour.
  2048 | D:2      | Killed a necrophage
  2049 | D:2      | Reached skill level 5 in Axes
  2049 | D:2      | Reached XP level 4. HP: 8/35 MP: 5/5
  2049 | D:2      | Reached XP level 5. HP: 10/41 MP: 6/6
  2068 | D:2      | 2068 ||| Stepping ~*~*~tactically~*~*~ (stealth).
  2428 | D:2      | 2428 ||| Stepping ~*~*~tactically~*~*~ (stealth).
  2430 | D:2      | 2430 ||| Stepping ~*~*~tactically~*~*~ (stealth).
  2433 | D:2      | Noticed Ijyb
  2433 | D:2      | 2433 ||| Stepping ~*~*~tactically~*~*~ (hiding).
  2436 | D:2      | 2436 ||| Stepping ~*~*~tactically~*~*~ (hiding).
  2452 | D:2      | 2452 ||| INVOKING Fiery Armour.
  2464 | D:2      | HP: 10/41 [poisoned by Ijyb]
  2466 | D:2      | HP: 4/41 [poisoned by Ijyb]
  2467 | D:2      | Slain by Ijyb

Levels and vault maps discovered:
D:1:      dpeg_arrival_another_circle, layout_loops_ring, fountainhead
D:2:      kennysheep_the_goblin_king, layout_basic, uniq_natasha

Skill      XL: |  1  2  3 |
---------------+----------+-----
Axes           | 4 5 |  5.4
Dodging        | 1 |  1.0
Fighting       | |  3.2
Spellcasting   | |  1.1
Fire Magic     | |  3.0

Action                   |  1- 3 |  4- 6 || total
-------------------------+-------+-------++-------
Melee: Hand axe          |   108 |    25 ||   133
       Punch             |     1 |     1 ||     2
       Unarmed           |       |    19 ||    19
Invok: Fiery Armour      |     1 |     1 ||     2
  Use: Scroll            |     6 |       ||     6
       Potion            |     1 |       ||     1
Armor: Robe              |    19 |     5 ||    24
       Skin              |       |     2 ||     2
Dodge: Dodged            |    56 |    22 ||    78

Table legend:
 A = Non-vault XP
 B = Vault XP
 C = Vault XP percentage of total XP
 D = Non-vault monster count
 E = Vault monster count
 F = Vault count percentage of total count
                 A         B        C        D         E       F
            +---------+---------+-------+---------+---------+-------
      Total |     176 |       6 |   3.3 |      34 |       3 |   8.1
            +---------+---------+-------+---------+---------+-------
        D:1 |      53 |       0 |   0.0 |      21 |       0 |   0.0
        D:2 |     123 |       6 |   4.7 |      13 |       3 |  18.8
            +---------+---------+-------+---------+---------+-------
